 Dungeon Crawl Stone Soup version 0.29-a0-565-g7a16c6de65 (webtiles) character file.

Game seed: 2212231046556180698

42 Glokmah the Poker (level 3, 33/33 HPs)
             Began as a Draconian Monk on June 12, 2022.
             Was an Initiate of Ashenzari.
             Quit the game on level 1 of the Dungeon.
             The game lasted 00:02:16 (753 turns).

Glokmah the Poker (Draconian Monk)                   Turns: 753, Time: 00:02:17

Health: 33/33      AC:  5    Str: 15    XL:     3   Next: 35%
Magic:  3/3        EV: 12    Int: 10    God:    Ashenzari [......]
Gold:   60         SH:  0    Dex: 13    Spells: 2/2 levels left

rFire   . . .      SeeInvis .   a - +0 spear
rCold   . . .      Faith    .   (no shield)
rNeg    . . .      Spirit   .   (body armour unavailable)
rPois   .          Reflect  .   (helmet restricted)
rElec   .          Harm     .   (no cloak)
rCorr   .          Rampage  .   (no gloves)
Will    .....                   (no boots)
Stlth   ++........              (no amulet)
HPRegen 0.11/turn               (no ring)
MPRegen 0.08/turn               (no ring)

@: no status effects
A: AC +5, unfitting armour, cold-blooded
a: Renounce Religion, Curse Item


You were on level 1 of the Dungeon.
You worshipped Ashenzari.
Ashenzari was noncommittal.
You visited 1 branch of the dungeon, and saw 1 of its levels.

You collected 60 gold pieces.

Inventory:

Hand Weapons
 a - a +0 spear (weapon)
Scrolls
 b - a scroll of vulnerability {unknown}
 c - 2 scrolls of blinking {unknown}
 d - 2 scrolls of identify {unknown}
Potions
 e - a potion of mutation {unknown}
 f - 2 potions of berserk rage {unknown}


   Skills:
 + Level 3.9 Fighting
 * Level 4.0 Polearms
 - Level 2.6 Dodging
 - Level 1.7 Stealth


You had 2 spell levels left.
You didn't know any spells.
Your spell library contained the following spells:

 Spells                   Type           Power      Damage    Failure   Level
 Apportation              Tloc           0%         N/A       36%         1
 Alistair's Intoxication  Tmut/Pois      0%         N/A       100%        5


Dungeon Overview and Level Annotations

Branches:
Dungeon (1/15)

Altars:
Ashenzari

Shops:
D:1 !


Innate Abilities, Weirdness & Mutations

Your plain brown scales are hard. (AC +5)
You cannot fit into any form of body armour.
You are cold-blooded and may be slowed by cold attacks.


Message History

The hobgoblin is moderately wounded.
You reach to attack!
You closely miss the hobgoblin.
The hobgoblin is moderately wounded.
You hit the hobgoblin.
You kill the hobgoblin!
You hit the ball python but do no damage.
The ball python barely misses you. x2
You hit the ball python but do no damage.
You tail-slap the ball python.
You kill the ball python!
No target in view!
No target in view!
You now have 60 gold pieces (gained 6).
A frilled lizard comes into view.
No target in view!
No target in view!
No target in view!
No target in view!
Found a stone staircase leading down.
The frilled lizard hisses angrily.
You hit the frilled lizard.
You kill the frilled lizard!
No target in view!
Found a faded altar of an unknown god.
A hobgoblin comes into view.
The hobgoblin shouts!
There is a faded altar of an unknown god here.
You barely miss the hobgoblin. The hobgoblin closely misses you.
You hit the hobgoblin.
You kill the hobgoblin!
No target in view!
There is a faded altar of an unknown god here.
You cannot tell which god this altar belongs to.
Convert to them anyway?
Ashenzari accepts your prayer! Ashenzari welcomes you!
Ashenzari invites you to partake of a vision and a curse of elements and fortitude.
Ashenzari warns you of distant threats and treasures.
Ashenzari reveals the structure of the dungeon to you.
Ashenzari shows you where magical portals lie.
Okay, then.
Okay, then.
Are you sure you want to abandon this character and quit the game? (Confirm with "yes".)

.# #..................#
## .##
#.#####....#######.#####.
..#######.#
#....####..........
#..÷......#
#..................
..#######.#
#.#######......)### .##
#.#####.# #.......# # .#
#.......# #.......# # .#
##..♣♣♣♣♣♣♣♣ #.......###
.# #.♣♣..8@8.♣♣
#.......#.. .#
#♣♣........♣ ♣##..####.#
.# ♣...♣...♣♣..♣ #.. #.#
.# ###♣.♣♣♣.†.♣ ♣.##..
#.# .# #>..♣♣#♣...♣ . #.#
.# #.#...#♣.♣.♣ #.# .#
#.#.#.♣..♣♣. #†#
.#######.#.#.♣.♣♣ ♣. #.#
......##.#.#.♣. .♣ #.#


There were no monsters in sight!

Vanquished Creatures
  A gnoll (D:1)
  3 ball pythons (D:1)
  7 endoplasms (D:1)
  2 giant cockroaches (D:1)
  A goblin (D:1)
  4 hobgoblins (D:1)
  2 quokkas (D:1)
  3 bats (D:1)
  2 frilled lizards (D:1)
  A kobold (D:1)
  2 rats (D:1)
28 creatures vanquished.

Notes
Turn   | Place    | Note
-------+----------+-------------------------------------------
     0 | D:1      | Glokmah the Draconian Monk began the quest for the Orb.
     0 | D:1      | Reached XP level 1. HP: 19/19 MP: 1/1
   258 | D:1      | Reached XP level 2. HP: 20/27 MP: 2/2
   356 | D:1      | Found Wisif's Distillery.
   547 | D:1      | Reached XP level 3. HP: 33/33 MP: 3/3
   708 | D:1      | Reached skill level 4 in Polearms
   739 | D:1      | Found a faded altar of an unknown god.
   752 | D:1      | Prayed at the altar of an unknown god.
   752 | D:1      | Became a worshipper of Ashenzari the Shackled
   753 | D:1      | Quit the game

Illustrated notes

Levels and vault maps discovered:
D:1:      minmay_arrival_five_plusses, layout_loops_ring, serial_shops,
          nicolae_diamond_shop, shapermc_ecumenical_altar_totnotflames

Skill      XL: |  1  2  3 |
---------------+----------+-----
Polearms       | 4 |  4.0
Fighting       | |  3.9
Dodging        | |  2.6
Stealth        | |  1.7

Action                   || total
-------------------------++-------
Melee: Spear             ||    75
       Tailslap          ||     9
       Punch             ||     2
  Use: Potion            ||     1
 Stab: Sleeping          ||     1
Armor: Skin              ||    17
Dodge: Dodged            ||    51

Table legend: (Time is in decaauts)
 A = Elapsed time spent in this place.
 B = Non-inter-level travel time spent in this place.
 C = Inter-level travel time spent in this place.
 D = Time resting spent in this place.
 E = Time spent auto-exploring this place.
 F = Levels seen in this place.
 G = Mean time per level.
                   A        B        C        D        E       F      G
               +--------+--------+--------+--------+--------+-----+--------+
         Total |    750 |    737 |     13 |      0 |    469 |   1 |  750.0 |
       Dungeon |    750 |    737 |     13 |      0 |    469 |   1 |  750.0 |
               +--------+--------+--------+--------+--------+-----+--------+

Top non-repeatable levels by time:
     D:1: 750 daAuts
